 Dungeon Crawl Stone Soup version 0.30-b1-2-g02819fbbbe (webtiles) character file.

Game seed: 5646175428790904006

17805 raph the Carver (level 12, -6/104 HPs)
             Began as a Minotaur Fighter on Dec 26, 2023.
             Was a High Priest of Nemelex Xobeh.
             Mangled by a bog body (15 damage)
             ... on level 3 of the Lair of Beasts.
             The game lasted 00:19:38 (13552 turns).

raph the Carver (Minotaur Fighter)                 Turns: 13552, Time: 00:19:38

Health: -6/104     AC: 19    Str: 22    XL:     12   Next: 22%
Magic:  16/16      EV: 20    Int:  5    God:    Nemelex Xobeh [*****.]
Gold:   1106       SH:  0    Dex: 17    Spells: 11/11 levels left

rFire   . . .        a - +3 great sword (elec)
rCold   . . .        (shield currently unavailable)
rNeg    . . .        y - +0 plate armour
rPois   .            (helmet restricted)
rElec   .            G - +2 cloak
rCorr   .            j - +0 pair of gloves {Dex+3}
SInv    .            (no boots)
Will    .....        (no amulet) Stlth
                     h - +5 ring of evasion
HPRegen 0.37/turn    m - +5 ring of evasion
MPRegen 0.15/turn

%: no passive effects
@: marked, slowed, very slow
A: horns 2, retaliatory headbutt
a: Renounce Religion, Draw Escape, Draw Destruction, Draw Summoning, Triple
Draw, Deal Four, Stack Five


You were on level 3 of the Lair of Beasts.
You worshipped Nemelex Xobeh.
Nemelex Xobeh was extremely pleased with you.
You visited 2 branches of the dungeon, and saw 13 of its levels.
You also visited: Ossuary and Volcano.

You collected 1106 gold pieces.

Inventory:

Hand Weapons
 a - a +3 great sword of electrocution (weapon)
 b - a +2 great sword of flaming
 g - a +3 scimitar of freezing
 t - a +1 long sword
 v - a +0 great sword
 x - a +0 rapier
 J - the +6 short sword "Giantslayer" {heavy, rF+ rN+}
   (You found it on level 8 of the Dungeon)

   rF:        It protects you from fire.
   rN:        It protects you from negative energy.
 Q - a +1 arbalest of flaming
Missiles
 c - 21 poisoned darts
 F - 5 boomerangs (quivered)
 T - 2 curare-tipped darts
 V - 6 javelins
Armour
 j - a +0 pair of gloves of dexterity (worn)
 n - a +0 kite shield
 y - a +0 plate armour (worn)
 G - a +2 cloak (worn)
Jewellery
 h - a +5 ring of evasion (left hand)
 m - a +5 ring of evasion (right hand)
 q - a ring of fire
 z - a ring of wizardry
 K - a ring of protection from cold
 U - a ring of ice
Wands
 d - a wand of roots (6)
 B - a wand of polymorph (18)
 C - a wand of mindburst (8)
 I - a wand of flame (30)
Scrolls
 e - 2 scrolls of immolation
 i - 6 scrolls of teleportation
 D - a scroll of amnesia
 R - a scroll of poison
 W - a scroll of fog
Potions
 f - a potion of resistance
 k - 3 potions of attraction
 l - 2 potions of degeneration {unknown}
 o - 5 potions of brilliance
 p - 2 potions of mutation {unknown}
 r - 6 potions of curing
 s - 4 potions of heal wounds
 u - 2 potions of cancellation
 w - 3 potions of flight
 A - 2 potions of lignification
 E - 4 potions of magic
 H - a potion of berserk rage {unknown}
 L - a potion of haste
 N - a potion of ambrosia {unknown}
 P - a potion of invisibility {unknown}
 S - a potion of might
Miscellaneous
 M - a box of beasts
 O - a tin of tremorstones (2/2)


   Skills:
 + Level 9.3 Fighting
 - Level 14.0 Long Blades
 + Level 6.1 Throwing
 + Level 9.4 Armour
 + Level 7.6 Dodging
 - Level 3.6 Shields
 + Level 6.9 Invocations
 + Level 5.5 Evocations


You had 11 spell levels left.
You didn't know any spells.
Your spell library contained the following spells:

 Spells                   Type           Power      Damage    Failure   Level
 Apportation              Tloc           0%         N/A       100%        1
 Necrotise                Necr           0%         1d4       100%        1
 Summon Small Mammal      Summ           0%         N/A       100%        1
 Cigotuvi's Dreadful Rot  Necr/Pois/Air  0%         N/A       100%        2
 Lesser Beckoning         Tloc           0%         N/A       100%        2
 Call Canine Familiar     Summ           0%         N/A       100%        3
 Gell's Gravitas          Tloc           0%         N/A       100%        3
 Summon Guardian Golem    Hex/Summ       0%         N/A       100%        3
 Teleport Other           Tloc           0%         N/A       100%        3
 Tukima's Dance           Hex            0%         N/A       100%        3
 Dispel Undead            Necr           0%         3d6       100%        4
 Passage of Golubria      Tloc           0%         N/A       100%        4
 Yara's Violent Unravell  Hex/Tmut       0%         3d3       100%        5
 Death Channel            Necr           0%         N/A       100%        6
 Orb of Destruction       Conj           0%         9d5       100%        7
 Spellforged Servitor     Conj/Summ      0%         N/A       100%        7


Dungeon Overview and Level Annotations

Branches:
Dungeon (10/15)            Temple (0/1) D:6            Lair (3/5) D:8
 Spider (0/4) Lair:2      Ossuary (visited)         Volcano (visited)
  Swamp: Lair:2-3    Shoals: Lair:2-3       Orc: D:9-12

Altars:
Ashenzari
Cheibriados
Dithmenos
Nemelex Xobeh
Vehumet
Xom
Yredelemnul
The Shining One

Shops:
D:9 :

Annotations:
D:3 3 runed translucent doors, diceflayer's ghost, amateur DsFi
D:10 Nergalle


Innate Abilities, Weirdness & Mutations

You have a pair of horns on your head.
You reflexively headbutt those who attack you in melee.


Message History

The swamp worm fires a harpoon shot at you.
The harpoon shot hits you.
You are yanked forward by the harpoon shot.
You barely miss the swamp worm. The swamp worm bites you.
The bog body casts a spell at you.
You feel yourself slow down. The swamp worm misses you.
You slash the swamp worm! You headbutt the swamp worm.
The swamp worm is severely wounded.
The bog body casts a spell at you. The bolt of cold misses you.
The swamp worm bites you!
The bog body points at you and mumbles some strange words.
You feel as though you will be slow longer.
You slice the swamp worm!!
Lightning courses through the swamp worm!
You kill the swamp worm!
The swamp worm completely misses you. The bog body touches you.
The bog body freezes you!! The swamp worm bites you!
You are too injured to fight recklessly!
The bog body touches you. The bog body freezes you!!
* * * LOW HITPOINT WARNING * * *
The swamp worm completely misses you. You furiously retaliate!
You headbutt the swamp worm! The bog body barely misses you.
The wolf completely misses you. The swamp worm completely misses you.
The wolf closely misses you.
The swamp worm bites you but does no damage.
You draw a card...
You have drawn the Cloud.
Clouds appear around you! The wolf closely misses you. The wolf misses you.
The swamp worm misses you. You furiously retaliate!
You headbutt the swamp worm, but do no damage.
The wolf closely misses you. The wolf completely misses you.
You furiously retaliate!
You headbutt the wolf! The bog body completely misses you.
The swamp worm barely misses you. The wolf barely misses you.
You furiously retaliate!
You headbutt the wolf. The wolf completely misses you.
The bog body touches you but does no damage.
The bog body attacks as you move away! The bog body touches you!
* * * LOW HITPOINT WARNING * * *
The bog body freezes you!
You die...
Your body glows with a rainbow of weird colours and disappears.

# ##...## ##. # ##..###
#####( # ##..## ####...#. #
#..## ####.h...... # #.##
#.#..h##.#.. #♣♣♣ ♣♣♣#
#..####...###.#### ...♣
♣..## #§###P...## ### #
#..♣ .≈♣...####§h###...#
#..♣~..~♣....##§@h§.....#
#..♣~♣.~♣.....#§nw§......#
##.♣♣..♣♣[#....§§§§.......#
#..♣..♣............####..#
#..♣..♣..##.......## ..#
#...⌠⌠..####.###### ..#
##P.......#### ...
###.....^#..# .#
#.......#...#


You could see a bog body, a swamp worm and 2 wolves.

Vanquished Creatures
  A two-headed ogre (D:9)
  2 boulder beetles
  A hell hog (Volcano)
  Urug (Lair:3)
  Amaemon (Lair:2)
  A fire crab (Volcano)
  Pikel (D:8)
  Joseph (D:7)
  An elephant (D:8)
  An orange demon (Lair:2)
  2 black mambas (Lair:2)
  A cane toad (Lair:3)
  2 molten gargoyles (Volcano)
  A kobold demonologist (D:10)
  3 komodo dragons
  Grinder (D:5)
  2 fire bats (Volcano)
  7 yaks
  3 wyverns
  4 basilisks
  A steam dragon (D:8)
  Edmund (D:5)
  4 hell hounds (Volcano)
  7 water moccasins
  A swamp worm (Lair:3)
  A sky beast (D:8)
  3 black bears
  5 ice beasts
  An ogre (D:6)
  4 wolves (Lair:3)
  A phantom (D:4)
  2 centaurs
  A lemure (D:7)
  2 kobold brigands (D:10)
  8 bullfrogs
  2 gnoll sergeants
  4 scorpions
  7 wights
  12 killer bees
  11 howler monkeys
  6 lava snakes (Volcano)
  8 orc priests
  Crazy Yiuf (D:7)
  4 hounds
  5 iguanas
  2 gnoll boudas
  A sleepcap (D:5)
  6 orc wizards
  9 mummies
  Robin (D:2)
  2 adders
  13 gnolls
  2 shadow imps (D:6)
  3 white imps
  2 ufetubi (D:6)
  A worm (D:2)
  4 dart slugs
  23 orcs
  12 ball pythons
  2 endoplasms
  2 giant cockroaches
  A gnoll zombie (Ossuary)
  14 goblins
  8 hobgoblins
  9 kobolds
  3 quokkas
  4 bats
  6 frilled lizards
  A hobgoblin zombie (Ossuary)
  A kobold zombie (Ossuary)
  5 orc zombies (Ossuary)
  6 rats
282 creatures vanquished.

Vanquished Creatures (collateral kills)
  A two-headed ogre (D:8)
  2 wights (D:8)
  A gnoll bouda (D:9)
  2 orc priests
  An orc wizard (D:9)
  3 gnolls (D:9)
  4 orcs
14 creatures vanquished.

Vanquished Creatures (others)
  3 demonic plants (D:6)
  2 fungi
  4 plants
9 creatures vanquished.

Grand Total: 305 creatures vanquished

Notes
Turn   | Place    | Note
-------+----------+-------------------------------------------
     0 | D:1      | raph the Minotaur Fighter began the quest for the Orb.
     0 | D:1      | Reached XP level 1. HP: 19/19 MP: 0/0
   135 | D:1      | Reached skill level 3 in Long Blades
   141 | D:1      | Found a faded altar of an unknown god.
   164 | D:1      | Reached XP level 2. HP: 26/26 MP: 1/1
   644 | D:1      | Reached skill level 4 in Long Blades
   731 | D:2      | Reached XP level 3. HP: 18/31 MP: 2/2
   815 | D:2      | Noticed Robin
   839 | D:2      | Killed Robin
  1070 | D:2      | Reached skill level 5 in Long Blades
  1700 | D:3      | Reached XP level 4. HP: 39/39 MP: 3/3
  1727 | D:3      | Found a sparkling altar of Nemelex Xobeh.
  1887 | D:3      | Became a worshipper of Nemelex Xobeh the Trickster
  1899 | D:3      | Reached skill level 6 in Long Blades
  1930 | D:3      | Found a glowing golden altar of the Shining One.
  2359 | D:3      | Found a runed translucent gate.
  2359 | D:3      | Noticed a kobold brigand
  2360 | D:3      | Found a runed translucent gate.
  2360 | D:3      | Found a runed translucent gate.
  2360 | D:3      | Noticed diceflayer's ghost (amateur DsFi)
  2656 | D:4      | Reached XP level 5. HP: 43/45 MP: 4/4
  2699 | D:4      | Noticed a phantom
  2707 | D:4      | Killed a phantom
  2708 | D:4      | Reached skill level 7 in Long Blades
  2768 | D:4      | Reached XP level 6. HP: 19/51 MP: 5/5
  2794 | D:4      | Reached skill level 8 in Long Blades
  2867 | D:4      | Found a sand-covered staircase.
  2875 | Ossuary  | Entered an ossuary
  2929 | Ossuary  | Reached skill level 9 in Long Blades
  3384 | D:4      | Reached XP level 7. HP: 40/57 MP: 6/6
  3635 | D:4      | Reached skill level 10 in Long Blades
  3639 | D:4      | Found a snail-covered altar of Cheibriados.
  4031 | D:5      | Entered Level 5 of the Dungeon
  4041 | D:5      | Reached * piety under Nemelex Xobeh
  4167 | D:5      | Reached skill level 1 in Dodging
  4169 | D:5      | Reached XP level 8. HP: 48/66 MP: 7/7
  4176 | D:5      | Reached skill level 1 in Invocations
  4275 | D:5      | Received a gift from Nemelex Xobeh
  4337 | D:5      | Reached skill level 11 in Long Blades
  4473 | D:5      | Noticed Edmund
  4482 | D:5      | Killed Edmund
  5017 | D:5      | Noticed Grinder
  5038 | D:5      | Killed Grinder
  5524 | D:6      | Reached skill level 5 in Fighting
  5524 | D:6      | Reached skill level 5 in Armour
  5603 | D:6      | Reached XP level 9. HP: 59/74 MP: 10/10
  5777 | D:6      | Reached skill level 12 in Long Blades
  5954 | D:6      | Found a staircase to the Ecumenical Temple.
  5964 | D:6      | Reached ** piety under Nemelex Xobeh
  6247 | D:6      | Found a basalt altar of Yredelemnul.
  6348 | D:7      | Noticed Joseph
  6380 | D:7      | Killed Joseph
  6381 | D:7      | Reached skill level 1 in Throwing
  6381 | D:7      | Reached skill level 1 in Evocations
  6972 | D:7      | Received a gift from Nemelex Xobeh
  7156 | D:7      | Found a runed translucent door.
  7158 | D:7      | Noticed Crazy Yiuf
  7166 | D:7      | Killed Crazy Yiuf
  7477 | D:8      | Found a staircase to the Lair.
  7478 | D:8      | Noticed an elephant
  7485 | D:8      | Reached XP level 10. HP: 65/84 MP: 12/12
  7501 | D:8      | Killed an elephant
  7502 | D:8      | Reached skill level 13 in Long Blades
  7909 | D:8      | Noticed a two-headed ogre
  7913 | D:8      | Noticed a boulder beetle
  7920 | D:8      | Killed a two-headed ogre
  7921 | D:8      | Reached skill level 5 in Dodging
  7945 | D:8      | Killed a boulder beetle
  8184 | D:8      | Noticed Pikel
  8188 | D:8      | Killed Pikel
  8203 | D:8      | Identified the +6 short sword "Giantslayer" {heavy, rF+
                  | rN+}
  8219 | D:8      | Reached skill level 5 in Invocations
  8318 | D:8      | Received a gift from Nemelex Xobeh
  8898 | D:9      | Found a radiant altar of Vehumet.
  8913 | D:9      | Reached *** piety under Nemelex Xobeh
  9034 | D:9      | Received a gift from Nemelex Xobeh
  9090 | D:9      | Found a broken altar of Ashenzari.
  9238 | D:9      | Found a shimmering altar of Xom.
  9294 | D:9      | Noticed a two-headed ogre
  9304 | D:9      | Killed a two-headed ogre
  9305 | D:9      | Reached skill level 14 in Long Blades
  9305 | D:9      | Reached XP level 11. HP: 73/92 MP: 13/13
  9373 | D:9      | Found Bukh's Book Shop.
  9428 | D:9      | Received a gift from Nemelex Xobeh
  9456 | D:9      | Found a shadowy altar of Dithmenos.
  9679 | D:10     | Entered Level 10 of the Dungeon
  9835 | D:10     | Noticed Nergalle
  9961 | Lair:1   | Entered Level 1 of the Lair of Beasts
 10312 | Lair:1   | Reached **** piety under Nemelex Xobeh
 10477 | Lair:1   | Noticed a boulder beetle
 10485 | Lair:1   | Killed a boulder beetle
 11046 | Lair:2   | Found a hole to the Spider Nest.
 11119 | Lair:2   | Received a gift from Nemelex Xobeh
 11157 | Lair:2   | Found a dark tunnel.
 11162 | Volcano  | Entered a volcano
 11183 | Volcano  | Reached skill level 5 in Throwing
 11756 | Volcano  | Found a bloodstained altar of Trog.
 11756 | Volcano  | Noticed a hell hog
 11763 | Volcano  | Killed a hell hog
 11826 | Volcano  | Noticed a fire crab
 11837 | Volcano  | Killed a fire crab
 12066 | Volcano  | Reached skill level 5 in Evocations
 12281 | Lair:2   | Received a gift from Nemelex Xobeh
 12380 | Lair:2   | Noticed Amaemon
 12388 | Lair:2   | Killed Amaemon
 12394 | Lair:2   | Reached XP level 12. HP: 104/104 MP: 15/15
 13080 | Lair:3   | Received a gift from Nemelex Xobeh
 13085 | Lair:3   | Reached ***** piety under Nemelex Xobeh
 13098 | Lair:3   | Noticed Urug
 13115 | Lair:3   | Killed Urug
 13552 | Lair:3   | Mangled by a bog body

Illustrated notes

Levels and vault maps discovered:
D:1:      dpeg_arrival_solitude, layout_basic,
          hellmonk_ecumenical_altar_blasted, serial_park_tiny_pond
D:2:      layout_loops_ring, nrook_uturn, minmay_between, uniq_robin
D:3:      layout_loops_ring, nicolae_tso_carved_into_rock,
          nemelex_xobeh_ov_fountains_minmay, gammafunk_ghost_nasty_kobolds
D:4:      layout_basic, marbit_many_paths, gup_ossuary_entry_pyramid
D:5:      layout_basic, uniq_edmund, uniq_grinder
D:6:      layout_cave_pools, kennysheep_mini_moat, minmay_temple_entry_tees,
          serial_demonic, serial_demonic_a, serial_demonic_e, serial_demonic_b,
          serial_demonic_g, serial_demonic_c, serial_demonic_c
D:7:      layout_loops_ring, uniq_joseph, uniq_crazy_yiuf_cottage
D:8:      layout_loops_ring, david_lair_generic, minmay_three_doors, uniq_pikel
D:9:      layout_roguey, lemuel_crystal_altar, mainiacjoe_overflow_alcove_2,
          cheibrodos_ashenzari_chains, grunt_dithmenos_smoke, serial_shops,
          shop_statue
D:10:     layout_cave_pools, uniq_nergalle
Lair:1:   layout_cave_pods, infiniplex_staircase_pool
Lair:2:   layout_regular_city, spider_nest_entry_web_field,
          nicolae_volcano_entry_s_turn, grunt_megastairs_3, uniq_amaemon
Lair:3:   layout_layer_cave, nicolae_swamp_entry_splash_gauntlet, uniq_urug

Skill      XL: |  1  2  3  4  5  6  7  8  9 10 11 12 |
---------------+-------------------------------------+-----
Long Blades    | 3 4 5 6 7 9 10 11 12 14 | 14.0
Dodging        | 1 3 4 5 7 |  7.6
Armour         | 4 5 6 7 9 |  9.4
Fighting       | 5 6 7 9 |  9.3
Invocations    | 2 4 5 6 |  6.9
Throwing       | 2 4 5 6 |  6.1
Evocations     | 2 3 5 |  5.5
Shields        | |  3.6

Action                     |  1- 3 |  4- 6 |  7- 9 | 10-12 || total
---------------------------+-------+-------+-------+-------++-------
  Melee: Long sword        |    91 |   108 |    10 |       ||   209
         Headbutt          |    10 |    19 |    44 |    58 ||   131
         Scimitar          |       |       |    52 |       ||    52
         Great sword       |       |       |   163 |   318 ||   481
  Throw: Boomerang         |       |       |     9 |    16 ||    25
         Dart              |       |       |       |     4 ||     4
 Invoke: Draw Destruction  |       |       |     3 |     8 ||    11
         Draw Summoning    |       |       |     1 |     2 ||     3
         Draw Escape       |       |       |       |     1 ||     1
  Evoke: Wand              |       |    10 |     1 |     1 ||    12
    Use: Scroll            |     6 |     3 |     5 |     5 ||    19
         Potion            |     1 |     1 |       |     1 ||     3
   Stab: Distracted        |       |       |       |     1 ||     1
 Armour: Scale mail        |    15 |       |       |       ||    15
         Chain mail        |    28 |    33 |     7 |       ||    68
         Plate armour      |       |       |    59 |   151 ||   210
  Dodge: Dodged            |    58 |    69 |   178 |   344 ||   649
  Block: Buckler           |    21 |     3 |       |       ||    24
         Kite shield       |       |    27 |    25 |       ||    52
